 Dungeon Crawl Stone Soup version 0.30-a0-134-gb40fab5c76 (webtiles) character file.

Game seed: 14710109937201231283

130 Engwar the Trooper (level 4, -2/41 HPs)
             Began as a Minotaur Fighter on Sept 20, 2022.
             Slain by a white imp (5 damage)
             ... summoned by Natasha
             ... on level 2 of the Dungeon.
             The game lasted 00:03:26 (1170 turns).

Engwar the Trooper (Minotaur Fighter)               Turns: 1170, Time: 00:03:26

Health: -2/41      AC: 10    Str: 23    XL:     4   Next: 89%
Magic:  3/3        EV:  9    Int:  5    God:
Gold:   77         SH:  4    Dex:  9    Spells: 3/3 levels left

rFire   + . .      SeeInvis .    a - +0 war axe
rCold   . . .      Faith    .    c - +0 buckler
rNeg    . . .      Spirit   .    l - +3 scale mail {rF+}
rPois   .          Reflect  .    (helmet restricted)
rElec   .          Harm     .    (no cloak)
rCorr   .          Rampage  .    (no gloves)
Will    .....                    (no boots)
Stlth   ..........               (no amulet)
HPRegen 0.13/turn                (no ring)
MPRegen 0.08/turn                (no ring)

@: slowed, very slow
A: horns 2, retaliatory headbutt
a: no special abilities


You were on level 2 of the Dungeon.
You visited 1 branch of the dungeon, and saw 2 of its levels.

You collected 77 gold pieces.

Inventory:

Hand Weapons
 a - a +0 war axe (weapon)
Missiles
 g - 6 boomerangs (quivered)
Armour
 c - a +0 buckler (worn)
 l - a +3 scale mail of fire resistance (worn)
Scrolls
 e - a scroll of identify {unknown}
 h - a scroll of teleportation {unknown}
 j - a scroll of noise {unknown}
Potions
 d - a potion of might
 f - a potion of cancellation {unknown}
 i - a potion of haste {unknown}
 k - a potion of curing {unknown}


   Skills:
 + Level 4.4 Fighting
 * Level 4.3 Axes
 + Level 4.4 Armour
 + Level 4.4 Shields


You had 3 spell levels left.
You didn't know any spells.
Your spell library was empty.

Dungeon Overview and Level Annotations

Branches:
Dungeon (2/15)

Altars:

Annotations:
D:2 Natasha


Innate Abilities, Weirdness & Mutations

You have a pair of horns on your head.
You reflexively headbutt those who attack you in melee.


Message History

You continue putting on your +3 scale mail of fire resistance. x5
You finish putting on your +3 scale mail of fire resistance.
You feel resistant to fire.
You drop a +0 scale mail.
Natasha, Servant of Life and Death comes into view.
Natasha stares at you and mumbles some strange words.
You feel yourself slow down.
You closely miss Natasha. Natasha claws you.
Natasha mewls in sadness.
Natasha completely misses you.
You are too injured to fight recklessly!
You are too injured to fight recklessly!
You are too injured to fight recklessly!
You are too injured to fight recklessly!
You are too injured to fight recklessly!
You are too injured to fight recklessly!
You are too injured to fight recklessly!
You closely miss Natasha. Natasha claws you but does no damage.
Natasha closely misses you.
You closely miss Natasha.
Natasha casts a spell.
Natasha claws you but does no damage.
You closely miss Natasha. Natasha casts a spell at you.
You feel as though you will be slow longer.
Natasha claws you but does no damage. The white imp hits you.
The white imp freezes you.
You hit Natasha.
Natasha is lightly wounded.
You hit the white imp but do no damage. You block Natasha's attack.
The white imp gestures at you. The puff of frost hits you!
* * * LOW HITPOINT WARNING * * *
Natasha hisses.
Natasha claws you.
* * * LOW HITPOINT WARNING * * *
The white imp hits you.
* * * LOW HITPOINT WARNING * * *
The white imp freezes you.
You die...

.... .[...
####......
#.........
#)##...... #[#
...g. #.# ....
#.# ...
#@#########
#h5.......#
#.........#
#.........#
#######.........#
#<.)..'.........#
#######.........#
#.........#
#.........#


You could see Natasha and a white imp (summoned).

Vanquished Creatures
  Terence (D:2)
  Natasha (twice) (D:2)
  A gnoll (D:1)
  6 endoplasms
  4 giant cockroaches (D:1)
  3 hobgoblins (D:1)
  2 kobolds (D:1)
  A quokka (D:1)
  4 ball pythons
  A bat (D:1)
  3 frilled lizards
  9 goblins
  3 rats (D:1)
40 creatures vanquished.

Notes
Turn   | Place    | Note
-------+----------+-------------------------------------------
     0 | D:1      | Engwar the Minotaur Fighter began the quest for the Orb.
     0 | D:1      | Reached XP level 1. HP: 19/19 MP: 0/0
   222 | D:1      | Reached XP level 2. HP: 27/27 MP: 1/1
   618 | D:1      | Reached XP level 3. HP: 28/33 MP: 2/2
  1035 | D:2      | Noticed Natasha
  1056 | D:2      | Killed Natasha
  1057 | D:2      | Reached XP level 4. HP: 40/40 MP: 3/3
  1111 | D:2      | Noticed Terence
  1126 | D:2      | Killed Terence
  1131 | D:2      | Noticed Natasha
  1135 | D:2      | Killed Natasha
  1162 | D:2      | Noticed Natasha
  1170 | D:2      | Slain by a white imp

Illustrated notes

Levels and vault maps discovered:
D:1:      dpeg_arrival_rooms_b, layout_loops_ring
D:2:      layout_basic, basic_ecumenical_altar, uniq_natasha, uniq_terence

Skill      XL: |  1  2  3  4 |
---------------+-------------+-----
Axes           | 3 4 |  4.3
Armour         | 4 |  4.4
Shields        | 4 |  4.4
Fighting       | 4 |  4.4

Action                   |  1- 3 |  4- 6 || total
-------------------------+-------+-------++-------
Melee: War axe           |    61 |    26 ||    87
       Headbutt          |     7 |     3 ||    10
Armor: Scale mail        |    26 |    10 ||    36
Dodge: Dodged            |    31 |    10 ||    41
Block: Buckler           |    13 |     4 ||    17

Table legend: (Time is in decaauts)
 A = Elapsed time spent in this place.
 B = Non-inter-level travel time spent in this place.
 C = Inter-level travel time spent in this place.
 D = Time resting spent in this place.
 E = Time spent auto-exploring this place.
 F = Levels seen in this place.
 G = Mean time per level.
                   A        B        C        D        E       F      G
               +--------+--------+--------+--------+--------+-----+--------+
         Total |   1211 |   1207 |      4 |     10 |    941 |   2 |  605.5 |
       Dungeon |   1211 |   1207 |      4 |     10 |    941 |   2 |  605.5 |
               +--------+--------+--------+--------+--------+-----+--------+

Top non-repeatable levels by time:
     D:1: 1043 daAuts
     D:2: 168 daAuts
